 Dungeon Crawl Stone Soup version 0.20-a0-993-gba41c3c (webtiles) character file.

759 Hybris the Slinger (level 8, -4/49 HPs)
             Began as a Halfling Hunter on Apr 11, 2017.
             Hit by a stone thrown by an orc warrior (13 damage)
             ... on level 5 of the Dungeon.
             The game lasted 00:06:47 (4782 turns).

Hybris the Slinger (Halfling Hunter)                Turns: 4782, Time: 00:06:48

Health: -4/49      AC:  6    Str: 13    XL:     8   Next: 7%
Magic:  8/8        EV: 15    Int:  9    God:
Gold:   180        SH:  0    Dex: 17    Spells: 7/7 levels left

rFire    + . .     SeeInvis .   a - +1 hunting sling
rCold    . . .     Gourm    .   (shield restricted)
rNeg     . . .     Faith    .   u - +1 ring mail {rF+}
rPois    .         Spirit   .   (no helmet)
rElec    .         Reflect  .   (no cloak)
rCorr    .         Harm     .   (no gloves)
MR       .....                  (no boots)
Stlth    ++........             (no amulet)
Regen    0.2/turn               (no ring)
MPRegen  0.2/turn               (no ring)

@: flying
A: mutation resistance 1
a: no special abilities


You were on level 5 of the Dungeon.
You were very hungry.

You visited 1 branch of the dungeon, and saw 5 of its levels.

You collected 180 gold pieces.

Inventory:

Hand Weapons
 a - a +1 hunting sling (weapon)
 b - a +0 short sword
Missiles
 d - 18 sling bullets
 i - 55 stones (quivered)
Armour
 u - a +1 ring mail of fire resistance (worn)
Wands
 o - a wand of flame (21/48)
 x - a wand of lightning (8/15)
Scrolls
 c - a scroll of fear {unknown}
 n - 2 scrolls of magic mapping {unknown}
 p - a scroll of remove curse
 s - a scroll of enchant armour
 t - a scroll of blinking {unknown}
 w - 3 scrolls of amnesia {unknown}
 y - 2 scrolls of teleportation {unknown}
Potions
 e - 2 potions of agility {unknown}
 g - 3 potions of curing {unknown}
 h - 2 potions of heal wounds {unknown}
 j - 2 potions of flight
 l - a potion of brilliance {unknown}
 m - a potion of resistance {unknown}
 r - 3 potions of degeneration {unknown}
Comestibles
 f - 3 bread rations
 k - 5 meat rations
 q - 3 fruits
 v - a royal jelly


   Skills:
 - Level 1.7 Fighting
 * Level 10.4 Slings
 + Level 4.8 Dodging
 + Level 4.9 Stealth


You had 7 spell levels left.
You didn't know any spells.

Dungeon Overview and Level Annotations

Branches:
Dungeon (5/15)
 Temple: D:4-7

Altars:
Makhleb
The Shining One

Shops:
D:4 (


Innate Abilities, Weirdness & Mutations

You are small and have problems with some larger weapons.
You are somewhat resistant to further mutation.


Message History

You are too injured to fight recklessly!
There is an escape hatch in the floor here.
You are too injured to fight recklessly!
You are too injured to fight recklessly!
Firing (i - inventory. (,) - cycle):
i - 56 stones (quivered)
Press: ? - help, Shift-Dir - straight line, f/p - crimson imp
Aim: a crimson imp (severely wounded)
You shoot a stone.
The stone closely misses the crimson imp.
The crimson imp misses you.
It was a potion of flight.
You feel very buoyant.
You fly up into the air.
The crimson imp closely misses you.
The crimson imp blinks!
The orc warrior throws a stone.
The stone closely misses you.
The crimson imp lashes its tail.
You see here a stone.
You are too injured to fight recklessly!
The orc warrior throws a stone.
The stone hits you!
You die...

... ## ..# .# ...
.# ..# /# #.#
######.# ..#
#######...(@.#
..####....5o.######
........######
.######>## .#
#..(.# ## #'(###
⌠⌠⌠(. #⌠⌠⌠(((
⌠⌠⌠⌠⌠..


You could see an orc warrior and a crimson imp.

Vanquished Creatures
  A phantom (D:4)
  An ogre (D:4)
  A bullfrog (D:3)
  A scorpion (D:3)
  2 orc priests (D:4)
  An iron imp (D:2)
  An orc wizard (D:3)
  Jessica (D:2)
  3 worker ants
  An iguana (D:4)
  4 gnolls (D:2)
  9 adders
  A shadow imp (D:5)
  2 oozes
  A worm (D:2)
  2 dart slugs
  2 leopard geckos
  10 orcs
  4 giant cockroaches
  5 goblins
  7 hobgoblins
  6 jackals
  4 kobolds
  3 quokkas
  A ball python (D:2)
  6 bats
  6 frilled lizards
  5 rats
91 creatures vanquished.

Notes
Turn   | Place    | Note
-------+----------+-------------------------------------------
     0 | D:1      | Hybris the Halfling Hunter began the quest for the Orb.
     0 | D:1      | Reached XP level 1. HP: 14/14 MP: 1/1
   192 | D:1      | Reached skill level 6 in Slings
   198 | D:1      | Reached XP level 2. HP: 14/19 MP: 2/2
   592 | D:1      | Reached XP level 3. HP: 24/24 MP: 3/3
  1191 | D:2      | Reached XP level 4. HP: 11/29 MP: 4/4
  1199 | D:2      | Reached skill level 7 in Slings
  1591 | D:2      | Noticed Jessica
  1606 | D:2      | Killed Jessica
  1606 | D:2      | Reached XP level 5. HP: 26/34 MP: 5/5
  1667 | D:2      | Found a burning altar of Makhleb.
  2061 | D:3      | Reached skill level 8 in Slings
  2443 | D:3      | Noticed a bullfrog
  2449 | D:3      | Killed a bullfrog
  2449 | D:3      | Reached XP level 6. HP: 19/39 MP: 6/6
  3281 | D:3      | Reached skill level 9 in Slings
  3296 | D:3      | Reached XP level 7. HP: 34/44 MP: 7/7
  3741 | D:4      | Found Jicaihob's Antique Weapon Shoppe.
  3816 | D:4      | Found a glowing golden altar of the Shining One.
  4367 | D:4      | Reached skill level 10 in Slings
  4523 | D:4      | Reached XP level 8. HP: 49/49 MP: 8/8
  4645 | D:5      | Entered Level 5 of the Dungeon
  4782 | D:5      | Hit by a stone thrown by an orc warrior

Vault maps used:
D:1:      evilmike_arrival_rings
D:2:      makhleb_grotto_becter, uniq_jessica
D:4:      tso_altar, first_bread, serial_shops, shop_fountains,
          grunt_decor_resistance
D:5:      kennysheep_big_flooded_room, grunt_temple_overflow_diamond

Skill      XL: |  1  2  3  4  5  6  7 |
---------------+----------------------+-----
Slings         | 6 7 8 9 10 | 10.4
Stealth        | 2 3 4 |  4.9
Dodging        | 3 4 |  4.8
Fighting       | |  1.7

Action                   |  1- 3 |  4- 6 |  7- 9 || total
-------------------------+-------+-------+-------++-------
 Fire: Hunting sling     |    76 |   212 |   172 ||   460
  Use: Scroll            |     1 |       |     1 ||     2
       Potion            |       |       |     1 ||     1
  Eat: Chunk             |       |     7 |     3 ||    10
Armor: Leather armour    |    10 |     4 |       ||    14
       Ring mail         |       |     9 |    11 ||    20
Dodge: Dodged            |    16 |    50 |    39 ||   105
